cohdb
Replays
Latest Replays
All Replays
Popular Replays
Top Player Replays
Match Explorer
How It Works
Community
CoH3 Stats
Reddit
Sign in to upload your games and track your stats! →
Sign in with Steam
Match 44165286
Unlisted
Match 44165286
Overview
Messages
Build Orders
End
Kradschützen Motorcycle Team
Panzergrenadier Squad
Selects Italian Infantry
Panzergrenadier Squad
250 Light Carrier
Construct Light Support Kompanie
Selects Defensive Operations
Combat Half-tracks
Assault Grenadier Squad
Panzerjäger Mechanized Group
Construct Mechanized Kompanie
Support Armor Elements
MG34 Team
Selects Prepared Positions
Pak 38 Anti-tank Gun Team
Emergency Repair Kits
ThreekidsinaTrenchcoat
Legionary
0
0
Comments
sign in to comment!
No comments posted yet!